 Dungeon Crawl Stone Soup version 0.22-a0-246-gdc04c06 (webtiles) character file.

926 wolfsongas the Magician (level 8, -4/57 HPs)
             Began as a Gnoll Wanderer on Feb 22, 2018.
             Slain by a two-headed ogre
             ... wielding a cursed +0 giant spiked club
              (10 damage)
             ... on level 5 of the Dungeon.
             The game lasted 00:05:57 (4780 turns).

wolfsongas the Magician (Gnoll Wanderer)            Turns: 4780, Time: 00:05:57

Health: -4/57      AC: 14    Str: 19    XL:     8   Next: 10%
Magic:  16/16      EV: 10    Int: 14    God:
Gold:   138        SH:  0    Dex: 13    Spells: 18/18 levels left

rFire    . . .     SeeInvis .   d - +0 quarterstaff
rCold    . . .     Gourm    .   (shield currently unavailable)
rNeg     . . .     Faith    .   h - +0 chain mail
rPois    .         Spirit   .   i - +1 helmet
rElec    .         Reflect  .   e - +2 cloak
rCorr    .         Harm     .   (no gloves)
MR       +....                  (no boots)
Stlth    ..........             (no amulet)
HPRegen  0.19/turn              g - ring of protection from magic
MPRegen  0.15/turn              (no ring)

@: no status effects
A: distributed training, fangs 1, strong nose
a: no special abilities


You were on level 5 of the Dungeon.
You were not hungry.

You visited 1 branch of the dungeon, and saw 5 of its levels.
You also visited: Sewer.

You collected 138 gold pieces.

Inventory:

Hand Weapons
 d - a +0 quarterstaff (weapon)
Missiles
 b - 2 throwing nets (quivered)
Armour
 a - a +0 leather armour
 e - a +2 cloak (worn)
 h - a +0 chain mail (worn)
 i - a +1 helmet (worn)
Jewellery
 g - a ring of protection from magic (left hand)
Scrolls
 j - 4 scrolls of remove curse
 n - 4 scrolls of teleportation
 p - 2 scrolls of magic mapping
Comestibles
 f - 7 rations
 k - 3 chunks of flesh


   Skills:
 + Level 2.9 Fighting
 + Level 2.9 Short Blades
 + Level 2.9 Long Blades
 + Level 2.9 Axes
 + Level 2.9 Maces & Flails
 + Level 2.9 Polearms
 + Level 3.9 Staves
 + Level 2.9 Slings
 + Level 2.9 Bows
 + Level 2.9 Crossbows
 + Level 3.9 Throwing
 + Level 2.9 Armour
 + Level 5.4 Dodging
 + Level 2.9 Stealth
 + Level 2.9 Shields
 + Level 2.9 Unarmed Combat
 + Level 5.8 Spellcasting
 + Level 2.3 Conjurations
 + Level 3.2 Hexes
 + Level 2.3 Charms
 + Level 4.5 Summonings
 + Level 2.3 Necromancy
 + Level 2.3 Translocations
 + Level 2.3 Transmutations
 + Level 2.3 Fire Magic
 + Level 2.3 Ice Magic
 + Level 2.3 Air Magic
 + Level 2.3 Earth Magic
 + Level 2.3 Poison Magic
 + Level 3.2 Invocations
 + Level 3.9 Evocations


You had 18 spell levels left.
You didn't know any spells.

Dungeon Overview and Level Annotations

Branches:
Dungeon (5/15)
 Temple: D:4-7

Altars:
Ashenzari
Dithmenos
Elyvilon
Fedhas
Gozag
Makhleb
Uskayaw
Vehumet
Yredelemnul


Innate Abilities, Weirdness & Mutations

Your experience applies equally to all skills.
You have very sharp teeth.
Your uncanny sense of smell can sniff out nearby items.


Message History

Okay, then.
The two-headed ogre hits you with a giant spiked club.
The two-headed ogre hits you but does no damage.
There is an open door here.
You barely miss the two-headed ogre.
The two-headed ogre is lightly wounded.
The two-headed ogre hits you with a giant spiked club!
* * * LOW HITPOINT WARNING * * *
The two-headed ogre hits you with a dire flail.
* * * LOW HITPOINT WARNING * * *
You hit the two-headed ogre.
The two-headed ogre is moderately wounded.
The two-headed ogre hits you but does no damage.
The two-headed ogre hits you with a dire flail.
* * * LOW HITPOINT WARNING * * *
You hit the two-headed ogre.
The two-headed ogre is moderately wounded.
The two-headed ogre hits you but does no damage.
The two-headed ogre hits you with a dire flail!
You die...

......#..♣.♣♣♣.♣..#
##.... .#
......#..♣.♣♣♣.♣..#
#..#.# .
......#..♣...♣.♣..#
...#...
......#..♣♣♣♣♣.♣..#
... ...
......#........♣..#
.(.. ..
......#.♣♣♣♣♣♣♣♣..#
#....)...........#
#..[.#...........#
#....##########@##
#............##O#
#......)..##....#
#.........##...##
#.........##...)#
##############..#
#..# #...# ###>..


You could see a two-headed ogre.

Vanquished Creatures
  The ghost of Maxmaps the Insei, an amateur DsMo (D:4)
  The ghost of chromaticdragonking the Poker, an amateur MfGl (D:3)
  Edmund (D:4)
  A water moccasin (D:5)
  A sky beast (D:5)
  Blork the orc (D:5)
  2 crimson imps
  A bullfrog skeleton (D:4)
  2 worker ants (D:4)
  6 adders
  A worm (D:3)
  3 dart slugs
  A leopard gecko (D:4)
  8 orcs
  5 ball pythons (Sewer)
  3 giant cockroaches
  5 goblins
  3 hobgoblins
  9 jackals
  A quokka (D:2)
  3 bats
  8 frilled lizards
  13 kobolds
  A quokka skeleton (D:4)
  8 rats
  4 plants (Sewer)
93 creatures vanquished.

Notes
Turn   | Place    | Note
-------+----------+-------------------------------------------
     0 | D:1      | wolfsongas the Gnoll Wanderer began the quest for the Orb.
     0 | D:1      | wolfsongas set off with: a +0 leather armour, 2 throwing nets, a potion of lignification, a +0 quarterstaff, a ration
     0 | D:1      | Reached XP level 1. HP: 13/13 MP: 6/6
    91 | D:1      | Reached XP level 2. HP: 17/19 MP: 7/7
   613 | D:2      | Found a shattered altar of Ashenzari.
   644 | D:2      | Reached skill level 5 in Spellcasting
   644 | D:2      | Reached XP level 3. HP: 25/25 MP: 7/9
   750 | D:2      | Reached skill level 1 in Invocations
  1168 | D:3      | Found a hide-covered altar of Uskayaw.
  1168 | D:3      | Found a white marble altar of Elyvilon.
  1172 | D:3      | Found a blossoming altar of Fedhas.
  1172 | D:3      | Found a shadowy altar of Dithmenos.
  1180 | D:3      | Reached skill level 1 in Fighting
  1180 | D:3      | Reached skill level 1 in Short Blades
  1180 | D:3      | Reached skill level 1 in Long Blades
  1180 | D:3      | Reached skill level 1 in Axes
  1180 | D:3      | Reached skill level 1 in Maces & Flails
  1180 | D:3      | Reached skill level 1 in Polearms
  1180 | D:3      | Reached skill level 1 in Slings
  1180 | D:3      | Reached skill level 1 in Bows
  1180 | D:3      | Reached skill level 1 in Crossbows
  1180 | D:3      | Reached skill level 1 in Armour
  1180 | D:3      | Reached skill level 1 in Stealth
  1180 | D:3      | Reached skill level 1 in Shields
  1180 | D:3      | Reached skill level 1 in Unarmed Combat
  1190 | D:3      | Reached XP level 4. HP: 30/32 MP: 11/11
  1344 | D:3      | Found a glowing drain.
  1354 | Sewer    | Entered a sewer
  1391 | Sewer    | Reached skill level 1 in Conjurations
  1391 | Sewer    | Reached skill level 1 in Charms
  1391 | Sewer    | Reached skill level 1 in Necromancy
  1391 | Sewer    | Reached skill level 1 in Translocations
  1391 | Sewer    | Reached skill level 1 in Transmutations
  1391 | Sewer    | Reached skill level 1 in Fire Magic
  1391 | Sewer    | Reached skill level 1 in Ice Magic
  1391 | Sewer    | Reached skill level 1 in Air Magic
  1391 | Sewer    | Reached skill level 1 in Earth Magic
  1391 | Sewer    | Reached skill level 1 in Poison Magic
  1543 | Sewer    | Reached XP level 5. HP: 35/37 MP: 12/12
  2407 | D:3      | Noticed chromaticdragonking's ghost (amateur MfGl)
  2422 | D:3      | Killed chromaticdragonking's ghost
  2422 | D:3      | Reached XP level 6. HP: 6/44 MP: 13/13
  2886 | D:4      | Noticed Maxmaps's ghost (amateur DsMo)
  2912 | D:4      | Killed Maxmaps's ghost
  2912 | D:4      | Reached skill level 5 in Dodging
  2997 | D:4      | Noticed Edmund
  3115 | D:4      | Killed Edmund
  3115 | D:4      | Reached XP level 7. HP: 42/50 MP: 15/15
  3910 | D:4      | Found a radiant altar of Vehumet.
  3910 | D:4      | Found a burning altar of Makhleb.
  4028 | D:4      | Found a basalt altar of Yredelemnul.
  4028 | D:4      | Found an opulent altar of Gozag.
  4226 | D:5      | Entered Level 5 of the Dungeon
  4372 | D:5      | Reached XP level 8. HP: 16/57 MP: 16/16
  4690 | D:5      | Noticed Blork the orc
  4705 | D:5      | Killed Blork the orc
  4743 | D:5      | Noticed a two-headed ogre
  4780 | D:5      | Slain by a two-headed ogre

Vault maps used:
D:1:      tarquinn_simple_flora_water_d, st_stairs_14
D:2:      evilmike_ruin_ashenzari
D:3:      grunt_temple_overflow_open, portal_sewer_entry_d
D:4:      grunt_temple_overflow_lords_of_destruction,
          gammafunk_temple_overflow_statue, first_ration, uniq_edmund
D:5:      basic_altar, kennysheep_small_spiral, uniq_blork_the_orc, uniq_ijyb
Sewer:    sewer_co_scattered_pipes

Skill      XL: |  1  2  3  4  5  6  7 |
---------------+----------------------+-----
Hexes          | 2 3 |  3.2
Spellcasting   | 5 |  5.8
Invocations    | 1 2 3 |  3.2
Fighting       | 1 2 |  2.9
Short Blades   | 1 2 |  2.9
Long Blades    | 1 2 |  2.9
Axes           | 1 2 |  2.9
Maces & Flails | 1 2 |  2.9
Polearms       | 1 2 |  2.9
Slings         | 1 2 |  2.9
Bows           | 1 2 |  2.9
Crossbows      | 1 2 |  2.9
Armour         | 1 2 |  2.9
Stealth        | 1 2 |  2.9
Shields        | 1 2 |  2.9
Unarmed Combat | 1 2 |  2.9
Conjurations   | 1 2 |  2.3
Charms         | 1 2 |  2.3
Necromancy     | 1 2 |  2.3
Translocations | 1 2 |  2.3
Transmutations | 1 2 |  2.3
Fire Magic     | 1 2 |  2.3
Ice Magic      | 1 2 |  2.3
Air Magic      | 1 2 |  2.3
Earth Magic    | 1 2 |  2.3
Poison Magic   | 1 2 |  2.3
Staves         | 3 |  3.9
Throwing       | 3 |  3.9
Summonings     | 4 |  4.5
Evocations     | 3 |  3.9
Dodging        | 5 |  5.4

Action                   |  1- 3 |  4- 6 |  7- 9 || total
-------------------------+-------+-------+-------++-------
Melee: Quarterstaff      |    95 |   266 |   153 ||   514
       Bite              |    12 |    27 |    16 ||    55
  Use: Scroll            |     4 |     2 |     2 ||     8
       Potion            |     1 |     6 |     5 ||    12
 Stab: Sleeping          |     3 |       |       ||     3
       Fleeing           |       |       |     1 ||     1
  Eat: Chunk             |     1 |     2 |     1 ||     4
       Ration            |       |     2 |     1 ||     3
Armor: Leather armour    |    41 |    48 |     5 ||    94
       Chain mail        |       |       |    74 ||    74
       Skin              |       |       |    13 ||    13
Dodge: Dodged            |   105 |   115 |    83 ||   303

Table legend:
 A = Spawn XP
 B = Non-spawn XP
 C = Spawn XP percentage of total XP
 D = Spawn monster count
 E = Non-spawn monster count
 F = Spawn count percentage of total count
 G = Total turns spent on level
                    A         B        C        D         E        F      G
               +---------+---------+-------+---------+---------+-------+---------
         Total |       0 |    1324 |   0.0 |       0 |      89 |   0.0 |  4780
               +---------+---------+-------+---------+---------+-------+---------
           D:1 |       0 |      22 |   0.0 |       0 |      13 |   0.0 |   506
           D:2 |       0 |      46 |   0.0 |       0 |      14 |   0.0 |   496
           D:3 |       0 |     248 |   0.0 |       0 |      24 |   0.0 |  1105
           D:4 |       0 |     514 |   0.0 |       0 |       9 |   0.0 |  1341
           D:5 |       0 |     433 |   0.0 |       0 |       6 |   0.0 |   554
         Sewer |       0 |      61 |   0.0 |       0 |      23 |   0.0 |   778
               +---------+---------+-------+---------+---------+-------+---------
